 Dungeon Crawl Stone Soup version 0.19.1-1-g22dce08 (webtiles) character file.

853 dvd the Stinger (level 8, 0/48 HPs)
             Began as an Octopode Venom Mage on Dec 30, 2016.
             Slain by Scuka's ghost (6 damage)
             ... on level 5 of the Dungeon.
             The game lasted 00:19:51 (6364 turns).

dvd the Stinger (Octopode Venom Mage)               Turns: 6364, Time: 00:19:52

Health: 0/48       AC:  1    Str:  8    XL:     8   Next: 1%
Magic:  8/15       EV: 14    Int: 19    God:
Gold:   118        SH:  0    Dex: 12    Spells: 5 memorised, 5 levels left

rFire  . . .     SeeInvis .     a - +1 flail (crush)
rCold  . . .     Gourm    .     (no shield)
rNeg   . . .     Faith    .     (helmet restricted)
rPois  +         Spirit   .     (no amulet)
rElec  .         Reflect  .     u - ring of poison resistance
rCorr  .         Harm     .     (no ring)
MR     .....                    (no ring)
Stlth  +++.......               (no ring)
                                (no ring)
                                (no ring)
                                (no ring)
                                (no ring)

@: very slightly contaminated, repel missiles, invisible
A: almost no armour, stealthy swim, amphibious, 8 rings, constrict 8, camouflage
1, gelatinous body 1
a: no special abilities


You were on level 5 of the Dungeon.
You were near starving.

You visited 1 branch of the dungeon, and saw 5 of its levels.

You collected 118 gold pieces.

Inventory:

Hand Weapons
 a - a +1 flail of crushing (weapon)
 k - a +0 whip
 t - a +0 dagger
Armour
 x - a +1 shield
Magical Staves
 y - an uncursed staff of power
Jewellery
 s - an uncursed ring of teleportation
 u - a ring of poison resistance (left tentacle)
Wands
 B - a wand of teleportation (3/9)
 C - a wand of polymorph (2/24)
 E - a wand of slowing (23/48)
Scrolls
 e - 3 scrolls of identify
 f - 3 scrolls of teleportation
 j - a scroll of noise {unknown}
 m - a scroll of fog
 n - a scroll of remove curse
 A - a scroll of fear
Potions
 d - a potion of agility {unknown}
 g - 2 potions of invisibility
 h - a potion of degeneration {unknown}
 l - a potion of curing {unknown}
 p - a potion of might {unknown}
 v - a potion of heal wounds {unknown}
 z - a potion of brilliance {unknown}
 D - 2 potions of cancellation {unknown}
Books
 i - a Young Poisoner's Handbook

   Spells                             Type                      Level
   a - Sting                          Conjuration/Poison           1
   b - Mephitic Cloud                 Conjuration/Poison/Air       3
   c - Olgreb's Toxic Radiance        Poison                       4
   d - Alistair's Intoxication        Transmutation/Poison         5
   e - Venom Bolt                     Conjuration/Poison           5
 w - a book of Conjurations

   Spells                             Type                      Level
   a - Magic Dart                     Conjuration                  1
   b - Searing Ray                    Conjuration                  2
   c - Dazzling Spray                 Conjuration/Hexes            3
   d - Fulminant Prism                Conjuration/Hexes            4
   e - Iskenderun's Mystic Blast      Conjuration                  4
   f - Iskenderun's Battlesphere      Conjuration/Charms           5
 F - a book of Minor Magic

   Spells                             Type                      Level
   a - Magic Dart                     Conjuration                  1
   b - Blink                          Translocation                2
   c - Call Imp                       Summoning                    2
   d - Repel Missiles                 Charms/Air                   2
   e - Slow                           Hexes                        2
   f - Conjure Flame                  Conjuration/Fire             3
   g - Mephitic Cloud                 Conjuration/Poison/Air       3
Comestibles
 b - 3 bread rations
 c - 4 meat rations
 o - 2 slices of pizza
 q - 2 beef jerkies
 r - 9 fruits


   Skills:
 + Level 1.2 Fighting
 + Level 0.6 Short Blades
 + Level 2.0 Maces & Flails
 + Level 2.6 Dodging
 + Level 3.8 Stealth
 + Level 5.1 Spellcasting
 + Level 2.2 Conjurations
 + Level 0.8 Air Magic
 + Level 7.6 Poison Magic


You had 5 spell levels left.
You knew the following spells:

 Your Spells              Type           Power        Failure   Level  Hunger
a - Sting                 Conj/Pois      ###.         1%          1    None
b - Olgreb's Toxic Radia  Pois           ####....     8%          4    ####...
c - Dazzling Spray        Conj/Hex       #.....       28%         3    ##.....
d - Repel Missiles        Chrm/Air       #.....       17%         2    #......
e - Blink                 Tloc           N/A          21%         2    #......


Dungeon Overview and Level Annotations

Branches:
Dungeon (5/15)
 Temple: D:4-7

Altars:
Okawaru
Qazlal
Sif Muna
Yredelemnul

Shops:
D:5 *

Annotations:
D:5 Scuka's ghost, amateur CeHu


Innate Abilities, Weirdness & Mutations

You cannot wear most types of armour.
You are very stealthy in the water. (Stealth+)
You are amphibious.
You can wear up to eight rings at the same time.
You can use your tentacles to constrict eight enemies at once.
Your skin changes colour to match your surroundings (Stealth+).
Your rubbery body absorbs attacks. (AC +1, EV +1)


Message History

You are near starving!
The ice beast hits you. The ice beast freezes you!
Unknown command.
Scuka's ghost hits you. The ice beast misses you. Scuka's ghost hits you.
Scuka's ghost barely misses you.
Scuka's ghost wails, "I was like you once."
Scuka's ghost hits you!
* * * LOW HITPOINT WARNING * * *
Scuka's ghost laughs crazily.
Scuka's ghost hits you!
* * * LOW HITPOINT WARNING * * *
Press: ? - help, v - describe, . - travel
Here: Scuka's ghost The floor.
It was a potion of invisibility.
You fade into invisibility!
Scuka's ghost hits you.
You die...

.....########.#.###.#.#...#
#.............#)#
#Y#.###########
####..##........#
#.#.#....)....#
##.##.....[..###.#.#.#######.#
#.##.........Y..#.#.#....<#.#
#..#......Y######.#.#.#####.#
##.#.......# #.#.#..†....#
#.#......Y######.?.#########
#.#.......W@.......#
#..#####...........# ##)#
#...........# #.##
#...........# #..#
#...........#
#######.####.###########
#.........##.# #.######..##.#
#....##.#


You could see an ice beast and Scuka's ghost.

Vanquished Creatures
  Sigmund (D:4)
  2 ogres (D:5)
  A centaur skeleton (D:5)
  A hound (D:5)
  Jessica (D:3)
  Ijyb (D:4)
  An iguana (D:5)
  5 worker ants
  A hound skeleton (D:4)
  7 gnolls
  5 adders (D:2)
  8 worms
  A dart slug (D:2)
  2 leopard geckos
  9 orcs
  A ball python (D:1)
  10 bats
  6 giant cockroaches
  9 goblins
  9 hobgoblins
  12 jackals
  3 quokkas
  6 frilled lizards
  9 kobolds
  16 rats
127 creatures vanquished.

Notes
Turn   | Place    | Note
-------+----------+-------------------------------------------
     0 | D:1      | dvd the Octopode Venom Mage began the quest for the Orb.
     0 | D:1      | Reached XP level 1. HP: 11/11 MP: 3/3
   192 | D:1      | Reached skill level 5 in Poison Magic
   246 | D:1      | Reached XP level 2. HP: 9/17 MP: 0/5
   700 | D:1      | Reached XP level 3. HP: 17/21 MP: 1/6
  1774 | D:2      | Reached skill level 1 in Conjurations
  1820 | D:2      | Reached XP level 4. HP: 16/27 MP: 3/7
  1968 | D:2      | Learned a level 4 spell: Olgreb's Toxic Radiance
  3102 | D:2      | Reached XP level 5. HP: 31/31 MP: 6/9
  3428 | D:3      | Noticed Jessica
  3431 | D:3      | Killed Jessica
  3482 | D:3      | Reached skill level 6 in Poison Magic
  3626 | D:3      | Found an iron altar of Okawaru.
  3885 | D:3      | Found a stormy altar of Qazlal.
  4128 | D:3      | Reached XP level 6. HP: 37/37 MP: 3/11
  4455 | D:4      | Found a basalt altar of Yredelemnul.
  4512 | D:4      | Noticed Ijyb
  4518 | D:4      | Killed Ijyb
  4540 | D:4      | Learned a level 3 spell: Dazzling Spray
  4764 | D:4      | Noticed Sigmund
  4816 | D:4      | Killed Sigmund
  4816 | D:4      | Reached skill level 1 in Fighting
  4816 | D:4      | Reached skill level 1 in Maces & Flails
  4816 | D:4      | Reached XP level 7. HP: 30/43 MP: 2/13
  4946 | D:4      | Learned a level 2 spell: Repel Missiles
  5005 | D:4      | Reached skill level 7 in Poison Magic
  5318 | D:4      | Found a deep blue altar of Sif Muna.
  5509 | D:5      | Entered Level 5 of the Dungeon
  5631 | D:5      | Learned a level 2 spell: Blink
  5881 | D:5      | Reached skill level 5 in Spellcasting
  6116 | D:5      | Found Zeynuon's Assorted Antiques.
  6126 | D:5      | Reached XP level 8. HP: 23/48 MP: 1/15
  6137 | D:5      | Noticed Scuka's ghost (amateur CeHu)
  6364 | D:5      | Slain by Scuka's ghost

Skill      XL: |  1  2  3  4  5  6  7 |
---------------+----------------------+-----
Poison Magic   | 5 6 7 |  7.6
Stealth        | 3 |  3.8
Conjurations   | 1 2 |  2.2
Spellcasting   | 3 4 5 |  5.1
Fighting       | 1 |  1.2
Maces & Flails | 1 2 |  2.0
Short Blades   | |  0.6
Dodging        | |  2.6
Air Magic      | |  0.8

Action                   |  1- 3 |  4- 6 |  7- 9 || total
-------------------------+-------+-------+-------++-------
Melee: Unarmed           |    23 |     4 |       ||    27
       Constrict         |    20 |    22 |     5 ||    47
       Dagger            |    35 |    12 |       ||    47
       Tentacles         |     6 |    13 |     2 ||    21
       Flail             |       |    54 |    18 ||    72
 Cast: Sting             |    48 |   106 |    10 ||   164
       Olgreb's Toxic Ra |       |     7 |     9 ||    16
       Dazzling Spray    |       |       |     8 ||     8
       Repel Missiles    |       |       |     1 ||     1
  Use: Scroll            |     3 |     1 |     5 ||     9
       Potion            |       |       |     1 ||     1
 Stab: Sleeping          |     6 |       |       ||     6
  Eat: Chunk             |     4 |    12 |     5 ||    21
       Beef jerky        |       |       |     1 ||     1
Armor: Skin              |     1 |     3 |     1 ||     5
Dodge: Dodged            |    28 |    49 |    16 ||    93
